 Dungeon Sprint DCSS version 0.31.0 (webtiles) character file.

Game seed: 14128694997746823604

486877 Groucho the Minotaur Catastrophe (level 20, -3/216 HPs)
             Began as a Minotaur Fighter on Jan 19, 2024.
             Was an Elder of Qazlal.
             Killed by divine providence
             ... invoked by a smoke demon
              (9 damage)
             ... in the Dungeon (Sprint IX: "|||||||||||||||||||||||||||||").
             The game lasted 00:57:41 (29169 turns).

Groucho the Minotaur Catastrophe (MiFi)            Turns: 29169, Time: 00:57:42

Health: -3/216     AC: 48    Str: 26    XL:     20   Next: 74%
Magic:  31/36      EV: 23    Int:  5    God:    Qazlal [****..]
Gold:   877        SH: 38    Dex: 23    Spells: 19/19 levels left

rFire   + . .        a - +6 eudemon blade (holy)
rCold   + + .        C - +1 tower shield
rNeg    . . .        R - +11 gold dragon scales
rPois   +            S - +2 hat
rElec   +            u - +0 cloak
rCorr   +            t - +2 pair of gloves
SInv    .            A - +0 pair of boots {Stlth+}
Will    +....        K - amulet of reflection Stlth
                     M - ring "Soestady" {rElec rPois Dex+6}
HPRegen 0.56/turn    Q - ring of Efeopn {Wiz rC+ rCorr Str+3}
MPRegen 0.25/turn

%: no teleportation, repel missiles, reflection, wizardry (x1)
@: no status effects
A: horns 2, retaliatory headbutt, subdued magic 1
0: Orb of Zot
}: 9/17 runes: decaying, serpentine, barnacled, slimy, elven, silver, golden,
abyssal, gossamer
a: Renounce Religion, Upheaval, Elemental Force


You were in the Dungeon.
You worshipped Qazlal.
Qazlal was greatly pleased with you.
You visited 1 branch You collected 1994 gold pieces.
You spent 1117 gold pieces at shops.

Inventory:

Hand Weapons
 a - a +6 eudemon blade of holy wrath (weapon)
 m - the +2 scimitar of Focus {venom, +Blink Str+2 Int+4 Dex+4}
   (You found it in the Dungeon)

   Str+2:     It affects your strength (+2).
   Int+4:     It affects your intelligence (+4).
   Dex+4:     It affects your dexterity (+4).
   +Blink:    It lets you blink.
 p - a +9 demon blade of protection
 v - a +5 war axe of flaming
 L - a +4 double sword
Missiles
 e - 4 javelins
 s - 2 silver javelins (quivered)
Armour
 b - the orb of Dispater {+Damnation *Corrode AC+5}
   (You took it off Dispater in the Dungeon)

   +Damnation: It grants the ability to hurl damnation at the cost of health and
   magic, with strength depending on Evocations skill.
   AC+5:      It affects your AC (+5).
   *Corrode:  It may corrode you when you take damage.
 t - a +2 pair of gloves (worn)
 u - a +0 cloak (worn)
 A - a +0 pair of boots of stealth (worn)
 C - a +1 tower shield (worn)
 R - +11 gold dragon scales (worn)
 S - a +2 hat (worn)
Jewellery
 o - a ring of ice
 z - a ring of see invisible
 B - a ring of fire
 G - a ring of wizardry
 H - a +6 ring of strength
 I - a +2 ring of slaying
 J - an amulet of regeneration
 K - an amulet of reflection (around neck)
 M - the ring "Soestady" (left hand) {rElec rPois Dex+6}
   (You found it in the Dungeon)

   [ring of dexterity]

   Dex+6:     It affects your dexterity (+6).
   rElec:     It insulates you from electricity.
   rPois:     It protects you from poison
 P - a +6 ring of intelligence
 Q - the ring of Efeopn (right hand) {Wiz rC+ rCorr Str+3}
   (You found it in the Dungeon)

   [ring of wizardry]

   Wiz:       It improves your spell success rate.
   Str+3:     It affects your strength (+3).
   rC+:       It protects you from cold.
   rCorr:     It protects you from acid and corrosion.
Wands
 f - a wand of paralysis (12)
 l - a wand of iceblast (9)
 F - a wand of mindburst (19)
Scrolls
 j - 2 scrolls of amnesia
 q - 8 scrolls of identify
 r - 6 scrolls of fear
 y - a scroll of silence
 E - 4 scrolls of fog
 N - a scroll of poison {unknown}
Potions
 c - a potion of brilliance
 d - 2 potions of might
 h - 3 potions of magic
 w - a potion of berserk rage
 D - a potion of mutation
 O - a potion of lignification {unknown}
 U - a potion of haste
Miscellaneous
 i - a box of beasts
 x - the horn of Geryon


   Skills:
 O Level 27 Fighting
 O Level 27 Long Blades
 O Level 27 Axes
 O Level 27 Maces & Flails
 - Level 24.3(27) Polearms
 O Level 27 Throwing
 O Level 27 Armour
 O Level 27 Dodging
 + Level 5.5 Stealth
 O Level 27 Shields
 O Level 27 Invocations
 O Level 27 Evocations


You had 19 spell levels left.
You didn't know any spells.
Your spell library contained the following spells:

 Spells                   Type           Power      Damage    Failure   Level
 Conjure Ball Lightning   Conj/Air       0%         3x3d6     100%        6
 Discord                  Hex            0%         N/A       100%        8
 Disjunction              Tloc           0%         N/A       100%        8


Dungeon Overview and Level Annotations

Branches:
Dungeon (1/1)

Altars:
Cheibriados
Dithmenos
Elyvilon
Fedhas
Gozag
Hepliaklqana
Kikubaaqudgha
Makhleb
Nemelex Xobeh
Okawaru
Qazlal
Ru
Sif Muna
Trog
Uskayaw
Vehumet
Wu Jian
Xom
Yredelemnul
Zin
The Shining One
Jiyva
Lugonu

Shops:
D [??(

Annotations:
D Antaeus, Cerebov


Innate Abilities, Weirdness & Mutations

You have a pair of horns on your head.
You reflexively headbutt those who attack you in melee.
Your spells are a little easier to cast, but a little less powerful.


Message History

The cutting wind hits the Ice Fiend!!!
The Ice Fiend is severely wounded.
The cutting wind hits the Brimstone Fiend!!!
You kill the Brimstone Fiend!
Qazlal accepts your kill.
The cutting wind hits the hellwing!!!
You kill the hellwing!
Qazlal accepts your kill.
Zouhem is no longer encased in ice.
You block Zouhem's attack. The smoke demon gestures at you.
Something smites you!
* * * LOW HITPOINT WARNING * * *
You block the smoke demon's attack. x2; The smoke demon completely misses you.
Zouhem tramples you.
* * * LOW HITPOINT WARNING * * *
You hold your ground!
Your Stealth skill gained 4 levels and is now at level 5!
Unknown command.
Unknown command.
You slice Zouhem!!
Zouhem convulses!!
Zouhem is heavily wounded.
You block Zouhem's attack.
Unknown command.
Unknown command.
You hit Zouhem.
Zouhem convulses.
Zouhem is severely wounded.
The smoke demon gestures at you. Something smites you!
* * * LOW HITPOINT WARNING * * *
The smoke demon gestures at you. Something smites you!
* * * LOW HITPOINT WARNING * * *
Unknown command.
Okay, then.
You hit Zouhem but do no damage.
Zouhem is severely wounded.
You block Zouhem's attack. The smoke demon gestures at you.
Something smites you!
You die...

▓▓▓▓▓▓▓▓▓▓▓▓▓▓▓▓▓▓▓▓▓▓▓▓▓▓▓▓▓▓▓▓▓
..▓...▓...▓...▓.@.▓...▓...▓...▓..
▓.▓.▓.▓.▓.▓.▓.▓3▓&▓.▓.▓.▓.▓.▓.▓.▓
▓.▓.▓.▓.▓.▓.▓.▓4▓§▓.▓.▓.▓.▓.▓.▓.▓
▓.▓)▓.▓.▓.▓.▓.▓.▓1▓.▓.▓.▓.▓.▓.▓.▓
▓.▓.▓.▓.▓.▓.▓.▓3▓[▓.▓.▓÷▓.▓.▓.▓.▓
▓.▓(▓.▓.▓.▓.▓.▓3▓)▓.▓.▓.▓.▓.▓.▓.▓
▓.▓)▓.▓.▓.▓.▓.▓3▓)▓.▓.▓.▓.▓.▓.▓.▓
▓.▓)▓.▓'▓.▓.▓.▓'▓.▓.▓.▓.▓.▓.▓.▓.▓
▓.▓.▓.▓.▓.▓.▓.▓)▓)▓.▓.▓.▓.▓.▓.▓)▓


You could see Zouhem, an Ice Fiend, a hellwing and 4 smoke demons.

Vanquished Creatures
  Asmodeus (D)
  Ereshkigal (D)
  the Royal Jelly (D)
  Gloorx Vloq (D)
  Mnoleg (D)
  Frederick (D)
  Lom Lobon (D)
  5 ancient liches (D)
  Dispater (D)
  5 orbs of fire (D)
  Mennas (D)
  Mara (D)
  Sojobo (D)
  4 royal mummies (D)
  A Killer Klown (D)
  Margery (D)
  Geryon (D)
  Jory (D)
  A golden dragon (D)
  Nikola (D)
  2 bone dragons (D)
  A Brimstone Fiend (D)
  An electric golem (D)
  3 tentacled monstrosities (D)
  Rupert (D)
  An Ice Fiend (D)
  28 Orb Guardians (D)
  4 liches (D)
  A searing wretch (D)
  3 quicksilver dragons (D)
  4 deep elf blademasters (D)
  3 deep elf master archers (D)
  8 acid blobs (D)
  Agnes (D)
  14 sphinxes (D)
  A tentacled starspawn (D)
  A death cob (D)
  9 shadow dragons (D)
  3 tengu reavers (D)
  Ilsuiw (D)
  4 storm dragons (D)
  7 azure jellies (D)
  2 rockslimes (D)
  Kirke (D)
  A draconian monk (D)
  9 nagarajas (D)
  3 draconian knights (D)
  9 frost giants (D)
  4 fire giants (D)
  2 draconian shifters (D)
  4 emperor scorpions (D)
  3 ghost moths (D)
  4 deep elf sorcerers (D)
  2 draconian scorchers (D)
  4 vault wardens (D)
  Louise (D)
  A draconian stormcaller (D)
  2 orc warlords (D)
  A reaper (D)
  A draconian annihilator (D)
  A quicksilver ooze (D)
  3 very ugly things (D)
  A cacodemon (D)
  4 ironbound preservers (D)
  9 vampire knights (D)
  A deep elf demonologist (D)
  3 stone giants (D)
  A green draconian (D)
  5 black draconians (D)
  A deep elf annihilator (D)
  2 deep elf death magi (D)
  2 eleionomae (D)
  3 purple draconians (D)
  Azrael (D)
  2 white draconians (D)
  4 red draconians (D)
  A spark wasp (D)
  5 mummy priests (D)
  2 fire dragons (D)
  A deep elf high priest (D)
  4 merfolk javelineers (D)
  2 yaktaur captains (D)
  5 merfolk impalers (D)
  An entropy weaver (D)
  9 hydras (D)
  2 great orbs of eyes (D)
  4 ice dragons (D)
  2 ironbound frosthearts (D)
  2 ogre magi (D)
  A spriggan air mage (D)
  25 vault guards (D)
  A centaur warrior (D)
  2 merfolk aquamancers (D)
  2 merfolk avatars (D)
  An alligator (D)
  2 two-headed ogres (D)
  A death knight (D)
  2 boulder beetles (D)
  2 tengu warriors (D)
  2 deep troll earth magi (D)
  A naga warrior (D)
  A demonic crawler (D)
  A spriggan berserker (D)
  A naga sharpshooter (D)
  3 hell knights (D)
  Nergalle (D)
  A sixfirhy (D)
  A glowing orange brain (D)
  2 flayed ghosts (D)
  A mana viper (D)
  6 swamp dragons (D)
  An orb spider (D)
  13 orc knights (D)
  A lindwurm (D)
  2 deep elf pyromancers (D)
  A steelbarb worm (D)
  4 ironbound convokers (D)
  4 necromancers (D)
  A harpy (D)
  An ugly thing (D)
  3 wolf spiders (D)
  An orc sorcerer (D)
  2 cyclopes (D)
  A worldbinder (D)
  2 elephants (D)
  2 will-o-the-wisps (D)
  16 moths of wrath (D)
  3 naga magi (D)
  A guardian serpent (D)
  6 black mambas (D)
  A hellion (D)
  2 orange demons (D)
  A yaktaur (D)
  A cane toad (D)
  2 large abominations (D)
  A tengu conjurer (D)
  A freezing wraith (D)
  19 guardian mummies (D)
  A wandering mushroom (D)
  Psyche (D)
  2 wind drakes (D)
  A troll (D)
  A hellwing (D)
  2 merfolk (D)
  2 polar bears (D)
  A bloated husk (D)
  A raiju (shapeshifter) (D)
  3 snapping turtles (D)
  A glass eye (D)
  A snapping turtle (shapeshifter) (D)
  2 blink frogs (D)
  3 slime creatures (D)
  A culicivora (D)
  A spriggan (shapeshifter) (D)
  11 spriggans (D)
  A wyvern (D)
  A vampire (D)
  A fire bat (D)
  3 fire elementals (D)
  3 golden eyes (D)
  A basilisk (D)
  3 starcursed masses (D)
  3 redbacks (D)
  A vampire mosquito (D)
  3 wargs (D)
  3 nagas (D)
  4 water moccasins (D)
  8 hell hounds (D)
  17 orc warriors (D)
  A swamp drake (D)
  4 wolves (D)
  2 centaurs (D)
  A gnoll sergeant (D)
  2 bullfrogs (D)
  A small abomination (D)
  A killer bee (D)
  2 hounds (D)
  3 orc priests (D)
  An iguana (D)
  4 orc wizards (D)
  An adder zombie (D)
  A dart slug (D)
  3 orcs (D)
  A bat (D)
  A hobgoblin (D)
  A quokka (D)
  A frilled lizard (D)
  A rat (D)
  2 fire vortices (D)
543 creatures vanquished.

Vanquished Creatures (others)
  A will-o-the-wisp (D)
  3 hogs (D)
4 creatures vanquished.

Grand Total: 547 creatures vanquished

Notes
Turn   | Place    | Note
-------+----------+-------------------------------------------
     0 | D        | Groucho the Minotaur Fighter began the quest for the Orb.
     0 | D        | Reached XP level 1. HP: 19/19 MP: 0/0
     5 | D        | Reached skill level 1 in Invocations
    21 | D        | Noticed an iguana
    21 | D        | Noticed a hound
    21 | D        | Noticed a centaur
    21 | D        | Noticed a hound
    30 | D        | Killed an iguana
    31 | D        | Reached XP level 2. HP: 28/28 MP: 1/3
    31 | D        | Reached XP level 3. HP: 35/35 MP: 1/4
    39 | D        | Reached skill level 5 in Fighting
    39 | D        | Reached skill level 5 in Armour
    39 | D        | Reached skill level 5 in Shields
    42 | D        | Killed a centaur
    43 | D        | Reached XP level 4. HP: 14/45 MP: 2/7
    43 | D        | Reached XP level 5. HP: 16/51 MP: 2/8
    43 | D        | HP: 2/51 [hound (3)]
   523 | D        | Found a snail-covered altar of Cheibriados.
   523 | D        | Found a shadowy altar of Dithmenos.
   523 | D        | Found a white marble altar of Elyvilon.
   523 | D        | Found a blossoming altar of Fedhas.
   523 | D        | Found an opulent altar of Gozag.
   524 | D        | Found a hazy altar of Hepliaklqana.
   525 | D        | Found a viscous altar of Jiyva.
   526 | D        | Found an ancient bone altar of Kikubaaqudgha.
   527 | D        | Found a corrupted altar of Lugonu.
   528 | D        | Found a burning altar of Makhleb.
   529 | D        | Found a sparkling altar of Nemelex Xobeh.
   530 | D        | Found an iron altar of Okawaru.
   531 | D        | Found a stormy altar of Qazlal.
   532 | D        | Found a sacrificial altar of Ru.
   533 | D        | Found a shimmering blue altar of Sif Muna.
   534 | D        | Found a bloodstained altar of Trog.
   535 | D        | Found a hide-covered altar of Uskayaw.
   536 | D        | Found a radiant altar of Vehumet.
   537 | D        | Found an ornate altar of the Wu Jian Council.
   538 | D        | Found a shimmering altar of Xom.
   539 | D        | Became a worshipper of Qazlal Stormbringer
   540 | D        | Found a basalt altar of Yredelemnul.
   541 | D        | Found a glowing silver altar of Zin.
   542 | D        | Found a glowing golden altar of the Shining One.
   558 | D        | Got the +2 scimitar of Focus {venom, +Blink Str+2 Int+4
                  | Dex+4}
   588 | D        | Noticed a two-headed ogre
   588 | D        | Noticed a troll
   588 | D        | Noticed a two-headed ogre
   588 | D        | Noticed a vampire
   596 | D        | Killed a two-headed ogre
   597 | D        | Reached skill level 5 in Long Blades
   597 | D        | Reached skill level 5 in Axes
   597 | D        | Reached skill level 10 in Invocations
   597 | D        | Reached XP level 6. HP: 48/63 MP: 8/12
   597 | D        | Reached XP level 7. HP: 53/70 MP: 8/13
   602 | D        | Killed a troll
   602 | D        | Reached * piety under Qazlal
   603 | D        | Reached XP level 8. HP: 56/79 MP: 8/15
   605 | D        | Killed a two-headed ogre
   606 | D        | Reached skill level 10 in Fighting
   606 | D        | Reached skill level 10 in Armour
   606 | D        | Reached skill level 10 in Shields
   612 | D        | HP: 4/81 [something (4)]
  1049 | D        | Reached ** piety under Qazlal
  1056 | D        | Noticed a shapeshifter
  1056 | D        | Noticed a slime creature
  1056 | D        | Noticed a five-headed hydra
  1056 | D        | Noticed a cyclops
  1056 | D        | a shapeshifter changed into a raiju
  1056 | D        | Noticed a raiju (shapeshifter)
  1058 | D        | Killed a raiju
  1059 | D        | Reached XP level 9. HP: 89/89 MP: 10/17
  1062 | D        | Killed a five-headed hydra
  1062 | D        | Killed a cyclops
  1069 | D        | Reached *** piety under Qazlal
  1470 | D        | Noticed a black mamba
  1470 | D        | Noticed a polar bear
  1473 | D        | Reached skill level 1 in Dodging
  1473 | D        | Reached skill level 1 in Evocations
  1474 | D        | Killed a black mamba
  1474 | D        | Reached **** piety under Qazlal
  1475 | D        | Reached XP level 10. HP: 92/100 MP: 9/19
  1849 | D        | Noticed an elephant
  1854 | D        | Killed an elephant
  2185 | D        | Noticed an elephant
  2185 | D        | Noticed a cane toad
  2185 | D        | Noticed a black mamba
  2188 | D        | Killed a cane toad
  2188 | D        | Killed an elephant
  2189 | D        | Reached skill level 15 in Invocations
  2190 | D        | Noticed a black mamba
  2193 | D        | Killed a black mamba
  2195 | D        | Killed a black mamba
  2195 | D        | Reached ***** piety under Qazlal
  2196 | D        | Reached skill level 5 in Dodging
  2816 | D        | Noticed an orc knight
  2816 | D        | Noticed an orc sorcerer
  2818 | D        | Reached XP level 11. HP: 110/110 MP: 17/21
  2835 | D        | Killed an orc knight
  2835 | D        | Killed an orc sorcerer
  2836 | D        | Reached skill level 5 in Evocations
  2849 | D        | Reached ****** piety under Qazlal
  2906 | D        | Noticed an orc knight
  2908 | D        | Noticed an orc knight
  2925 | D        | Killed an orc knight
  2926 | D        | Killed an orc knight
  2955 | D        | Noticed an orc knight
  2968 | D        | Killed an orc knight
  3038 | D        | Found Hoercha's Armour Emporium.
  3038 | D        | Noticed an orc knight
  3038 | D        | Noticed an orc knight
  3039 | D        | Noticed an orc knight
  3043 | D        | Noticed an orc knight
  3049 | D        | Killed an orc knight
  3056 | D        | Noticed an orc knight
  3056 | D        | Killed an orc knight
  3058 | D        | Killed an orc knight
  3059 | D        | Killed an orc knight
  3060 | D        | Reached skill level 15 in Fighting
  3070 | D        | Killed an orc knight
  3071 | D        | Reached skill level 15 in Armour
  3080 | D        | Found Zaoclyhu's Magic Scroll Shoppe.
  3087 | D        | Found Puet's Magic Scroll Emporium.
  3091 | D        | Found Umpo's Weapon Shoppe.
  3100 | D        | Noticed an orc knight
  3115 | D        | Killed an orc knight
  3171 | D        | Bought a +1 plate armour of cold resistance for 420 gold
                  | pieces
  3173 | D        | Bought a scroll of blinking for 75 gold pieces
  3173 | D        | Bought a scroll of identify for 20 gold pieces
  3175 | D        | Bought a scroll of revelation for 82 gold pieces
  3175 | D        | Bought 3 scrolls of identify for 66 gold pieces
  3175 | D        | Bought a scroll of silence for 104 gold pieces
  3175 | D        | Bought a scroll of enchant weapon for 82 gold pieces
  3175 | D        | Bought a scroll of enchant weapon for 82 gold pieces
  3175 | D        | Bought a scroll of enchant armour for 82 gold pieces
  3175 | D        | Bought a scroll of brand weapon for 104 gold pieces
  3584 | D        | Noticed a boulder beetle
  3584 | D        | Noticed a centaur warrior
  3584 | D        | Noticed a death knight
  3584 | D        | Noticed an ogre mage
  3584 | D        | Noticed a red ugly thing
  3584 | D        | Noticed a frost giant
  3584 | D        | Noticed a frost giant
  3584 | D        | Noticed a frost giant
  3584 | D        | Noticed a frost giant
  3584 | D        | Noticed a stone giant
  3584 | D        | Noticed a hell knight
  3640 | D        | Noticed Psyche
  3794 | D        | Killed Psyche
  3795 | D        | Reached skill level 15 in Shields
  3946 | D        | Noticed an orc knight
  3946 | D        | Noticed a deep elf pyromancer
  3946 | D        | Noticed a deep elf pyromancer
  3956 | D        | Killed a centaur warrior
  3956 | D        | Killed an orc knight
  3957 | D        | Killed a deep elf pyromancer
  3958 | D        | Reached XP level 12. HP: 88/121 MP: 16/23
  3958 | D        | Killed a death knight
  3958 | D        | Killed a boulder beetle
  3976 | D        | Killed an ogre mage
  3992 | D        | Killed a frost giant
  3994 | D        | Killed a frost giant
  4061 | D        | Killed a frost giant
  4555 | D        | Killed a stone giant
  4565 | D        | Killed a frost giant
  4566 | D        | Reached skill level 10 in Dodging
  4898 | D        | Noticed Agnes
  4902 | D        | Killed Agnes
  5060 | D        | Noticed a naga warrior
  5064 | D        | Reached skill level 10 in Axes
  5076 | D        | Killed a naga warrior
  5079 | D        | Reached XP level 13. HP: 96/130 MP: 12/25
  5473 | D        | Noticed an eleionoma
  5473 | D        | Noticed an eleionoma
  5480 | D        | Killed an eleionoma
  5481 | D        | Reached skill level 10 in Long Blades
  5481 | D        | Killed an eleionoma
  5932 | D        | Killed a ghost moth
  5935 | D        | Reached skill level 10 in Evocations
  6356 | D        | Noticed Rupert
  6363 | D        | Killed Rupert
  6371 | D        | Noticed Nergalle
  6373 | D        | Killed Nergalle
  6781 | D        | Noticed Kirke
  6784 | D        | Killed Kirke
  6820 | D        | Noticed Azrael
  6824 | D        | Killed Azrael
  7019 | D        | Noticed a spark wasp
  7019 | D        | Noticed a sphinx
  7019 | D        | Noticed a frost giant
  7019 | D        | Noticed a frost giant
  7026 | D        | Killed a sphinx
  7027 | D        | Killed a frost giant
  7028 | D        | Killed a spark wasp
  7031 | D        | Reached XP level 14. HP: 118/144 MP: 9/27
  7031 | D        | Killed a frost giant
  7038 | D        | Noticed a sphinx
  7041 | D        | Noticed a vampire knight
  7043 | D        | Killed a vampire knight
  7043 | D        | Killed a sphinx
  7043 | D        | Noticed a frost giant
  7049 | D        | Noticed a white very ugly thing
  7140 | D        | Killed a frost giant
  7459 | D        | Killed a white very ugly thing
  7987 | D        | Noticed a fire giant
  7989 | D        | Noticed a lich
  7990 | D        | Killed a lich
  7991 | D        | Killed a fire giant
  8296 | D        | Noticed an orc warlord
  8304 | D        | Noticed a sphinx
  8304 | D        | Noticed a stone giant
  8304 | D        | Noticed Gloorx Vloq
  8304 | D        | Killed a sphinx
  8304 | D        | Killed an orc warlord
  8305 | D        | Noticed an Executioner
  8305 | D        | Killed a stone giant
  8307 | D        | Noticed an Executioner
  8307 | D        | Noticed an Executioner
  8309 | D        | Noticed an Executioner
  8309 | D        | Noticed an Executioner
  8311 | D        | Noticed an Executioner
  8311 | D        | Killed Gloorx Vloq
  8442 | D        | Noticed a vault warden
  8446 | D        | Killed a vault warden
  8754 | D        | Noticed an ironbound preserver
  8765 | D        | Killed an ironbound preserver
  8777 | D        | Noticed a vault warden
  8778 | D        | Noticed an ironbound preserver
  8782 | D        | Noticed an orc warlord
  8788 | D        | Killed an orc warlord
  8788 | D        | Killed an ironbound preserver
  8789 | D        | Reached skill level 15 in Axes
  8790 | D        | Killed a vault warden
  8824 | D        | Reached XP level 15. HP: 147/155 MP: 20/29
  9251 | D        | Noticed an Orb Guardian
  9258 | D        | Reached skill level 15 in Dodging
  9269 | D        | Killed an Orb Guardian
  9637 | D        | Noticed Jory
  9660 | D        | Killed Jory
 10125 | D        | Noticed Mara
 10127 | D        | Killed a tengu reaver
 10128 | D        | Noticed Sojobo
 10133 | D        | Killed Sojobo
 10161 | D        | Killed Mara
 10189 | D        | Noticed a tengu reaver
 10219 | D        | Killed a tengu reaver
 10709 | D        | Noticed Nikola
 10717 | D        | Killed Nikola
 10949 | D        | Noticed Louise
 10953 | D        | Killed Louise
 10962 | D        | Identified the orb of the Vacuum {light, Regen+}
 10962 | D        | Noticed Frederick
 10968 | D        | Killed Frederick
 11293 | D        | Noticed Ilsuiw
 11366 | D        | Killed Ilsuiw
 11924 | D        | Got a barnacled rune of Zot
 11932 | D        | Noticed an emperor scorpion
 11945 | D        | Noticed an emperor scorpion
 11947 | D        | Killed an emperor scorpion
 11973 | D        | Killed an emperor scorpion
 11981 | D        | Noticed an emperor scorpion
 11982 | D        | Noticed an emperor scorpion
 11988 | D        | Killed an emperor scorpion
 12000 | D        | Killed an emperor scorpion
 12016 | D        | Got a gossamer rune of Zot
 12462 | D        | Noticed a nagaraja
 12462 | D        | Noticed a nagaraja
 12462 | D        | Noticed a nagaraja
 12462 | D        | Noticed a nagaraja
 12463 | D        | Killed a nagaraja
 12463 | D        | Killed a nagaraja
 12463 | D        | Killed a nagaraja
 12464 | D        | Reached XP level 16. HP: 170/170 MP: 22/31
 12578 | D        | Reached skill level 15 in Evocations
 12602 | D        | Got a serpentine rune of Zot
 13187 | D        | Got a decaying rune of Zot
 13748 | D        | Reached skill level 27 in Invocations
 13893 | D        | Noticed an ancient lich
 13899 | D        | Killed an ancient lich
 13927 | D        | Noticed a shadow dragon
 13928 | D        | Noticed a tengu reaver
 13929 | D        | Noticed a shadow dragon
 13952 | D        | Killed a shadow dragon
 13958 | D        | Killed a tengu reaver
 13977 | D        | Killed a shadow dragon
 14004 | D        | Identified the ring "Soestady" {rElec rPois Dex+6}
 14351 | D        | Noticed a shadow dragon
 14351 | D        | Noticed a quicksilver dragon
 14351 | D        | Noticed an ancient lich
 14351 | D        | Noticed a shadow dragon
 14352 | D        | Killed a quicksilver dragon
 14352 | D        | Killed an ancient lich
 14353 | D        | Reached XP level 17. HP: 185/185 MP: 24/33
 14354 | D        | Noticed a lich
 14400 | D        | Killed a lich
 14719 | D        | Got a silver rune of Zot
 15396 | D        | Got a ring of the Marlin {*Corrode rPois Will+ Int+3 Dex+3}
 15399 | D        | Got the ring "Feir" {Ice SInv}
 15402 | D        | Got the ring "Fimper" {Fire Str+7}
 15405 | D        | Got the ring "Ypuynop" {Wiz rPois Dex+4}
 15408 | D        | Got the ring of Efeopn {Wiz rC+ rCorr Str+3}
 15579 | D        | Noticed Margery
 15586 | D        | Noticed a searing wretch
 15604 | D        | Killed Margery
 15633 | D        | Killed a searing wretch
 16000 | D        | Noticed Mennas
 16002 | D        | Killed Mennas
 16608 | D        | Noticed a bone dragon
 16608 | D        | Noticed a bone dragon
 16618 | D        | Killed a bone dragon
 16619 | D        | Reached skill level 27 in Fighting
 16629 | D        | Killed a bone dragon
 16647 | D        | Reached skill level 27 in Armour
 16690 | D        | Reached skill level 27 in Shields
 17086 | D        | Noticed a tentacled monstrosity
 17095 | D        | Killed a tentacled monstrosity
 17125 | D        | Noticed a quicksilver dragon
 17145 | D        | Killed a quicksilver dragon
 17174 | D        | Reached XP level 18. HP: 200/200 MP: 29/34
 17405 | D        | Noticed a tentacled monstrosity
 17427 | D        | Killed a tentacled monstrosity
 17457 | D        | Reached skill level 27 in Dodging
 17659 | D        | Noticed an Orb Guardian
 17659 | D        | Noticed an Orb Guardian
 17659 | D        | Noticed an Orb Guardian
 17659 | D        | Noticed an Orb Guardian
 17659 | D        | Noticed an Orb Guardian
 17659 | D        | Noticed an Orb Guardian
 17662 | D        | Noticed an Orb Guardian
 17671 | D        | Killed an Orb Guardian
 17674 | D        | Noticed an Orb Guardian
 17678 | D        | Killed an Orb Guardian
 17684 | D        | Killed an Orb Guardian
 17691 | D        | Killed an Orb Guardian
 17695 | D        | Killed an Orb Guardian
 17701 | D        | Killed an Orb Guardian
 17714 | D        | Killed an Orb Guardian
 17722 | D        | Killed an Orb Guardian
 17754 | D        | Noticed an Orb Guardian
 17756 | D        | Noticed an Orb Guardian
 17762 | D        | Killed an Orb Guardian
 17769 | D        | Killed an Orb Guardian
 17777 | D        | Noticed an Orb Guardian
 17777 | D        | Noticed an Orb Guardian
 17781 | D        | Noticed an Orb Guardian
 17782 | D        | Killed an Orb Guardian
 17782 | D        | Killed an Orb Guardian
 17782 | D        | Killed an Orb Guardian
 17783 | D        | Reached skill level 27 in Evocations
 17783 | D        | Reached skill level 15 in Long Blades
 17785 | D        | Noticed an Orb Guardian
 17792 | D        | Killed an Orb Guardian
 17822 | D        | Noticed an ancient lich
 17834 | D        | Killed an ancient lich
 17836 | D        | Noticed an orb of fire
 17841 | D        | Gained mutation: You are clumsy. (Dex -2) [an orb of fire]
 17855 | D        | Killed an orb of fire
 17907 | D        | Noticed an electric golem
 17916 | D        | Killed an electric golem
 17943 | D        | Noticed an ancient lich
 17943 | D        | Noticed an orb of fire
 17943 | D        | Noticed a tentacled monstrosity
 17943 | D        | Noticed a golden dragon
 17944 | D        | Noticed an orb of fire
 17945 | D        | Killed a golden dragon
 17945 | D        | Killed a tentacled monstrosity
 17946 | D        | Killed an ancient lich
 17946 | D        | Killed a Killer Klown
 17946 | D        | Killed an orb of fire
 17958 | D        | Gained mutation: Your body sometimes deteriorates upon
                  | taking damage. [an orb of fire]
 17959 | D        | Noticed an orb of fire
 17963 | D        | Noticed an orb of fire
 17965 | D        | Killed an orb of fire
 17965 | D        | Noticed an Orb Guardian
 17966 | D        | Reached skill level 27 in Long Blades
 17966 | D        | Reached skill level 5 in Maces & Flails
 17967 | D        | Killed an Orb Guardian
 17967 | D        | Killed an orb of fire
 17969 | D        | Gained mutation: You are dopey. (Int -2) [an orb of fire]
 17971 | D        | Killed an orb of fire
 17972 | D        | Reached skill level 15 in Maces & Flails
 18307 | D        | Reached XP level 19. HP: 207/207 MP: 23/35
 18616 | D        | Noticed an ancient lich
 18634 | D        | Killed an ancient lich
 18635 | D        | Reached skill level 27 in Maces & Flails
 18860 | D        | Got an elven rune of Zot
 19258 | D        | Reached skill level 27 in Axes
 19258 | D        | Reached skill level 1 in Polearms
 19261 | D        | Reached skill level 5 in Polearms
 19262 | D        | Noticed the Royal Jelly
 19265 | D        | Killed the Royal Jelly
 19760 | D        | Got a slimy rune of Zot
 20179 | D        | Paralysed by a sphinx for 3 turns
 20187 | D        | Reached XP level 20. HP: 160/216 MP: 27/36
 20522 | D        | Lost mutation: Your body sometimes deteriorates upon taking
                  | damage. [potion of mutation]
 20522 | D        | Lost mutation: You are clumsy. (Dex -2) [potion of
                  | mutation]
 20522 | D        | Gained mutation: Your spells are a little easier to cast,
                  | but a little less powerful. [potion of mutation]
 20522 | D        | Lost mutation: You are dopey. (Int -2) [potion of mutation]
 22599 | D        | Reached skill level 1 in Throwing
 22621 | D        | Reached skill level 5 in Throwing
 23899 | D        | Noticed a royal mummy
 23899 | D        | Noticed a royal mummy
 23900 | D        | Noticed a royal mummy
 23901 | D        | Reached skill level 10 in Throwing
 23901 | D        | Killed a royal mummy
 23904 | D        | Killed a royal mummy
 23905 | D        | Noticed a royal mummy
 23912 | D        | Killed a royal mummy
 23913 | D        | Reached skill level 15 in Throwing
 24021 | D        | Killed a royal mummy
 24381 | D        | Got a golden rune of Zot
 24423 | D        | Got an abyssal rune of Zot
 24592 | D        | Noticed Geryon
 24608 | D        | Killed Geryon
 24621 | D        | Found the +13 sceptre of Asmodeus
 24621 | D        | Noticed Asmodeus
 24623 | D        | Noticed Lom Lobon
 24628 | D        | Killed Lom Lobon
 24630 | D        | Noticed Mnoleg
 24642 | D        | Killed Asmodeus
 24739 | D        | Killed Mnoleg
 25129 | D        | Noticed Ereshkigal
 25192 | D        | Paralysed by Ereshkigal for 4 turns
 25195 | D        | HP: 7/198 [Ereshkigal (9)]
 25201 | D        | HP: 11/291 [???[Ereshkigal] (8)]
 25208 | D        | Paralysed by Ereshkigal for 2 turns
 25214 | D        | HP: 7/291 [???[Ereshkigal] (4)]
 25216 | D        | Killed Ereshkigal
 25983 | D        | Noticed Antaeus
 26808 | D        | Noticed Dispater
 26891 | D        | Killed Dispater
 27467 | D        | Found the +6 sword of Cerebov {flame}
 27467 | D        | Noticed Cerebov
 28534 | D        | Got the Orb of Zot
 29093 | D        | Reached skill level 27 in Throwing
 29093 | D        | Reached skill level 1 in Stealth
 29161 | D        | Noticed Zouhem the pandemonium lord
 29167 | D        | Reached skill level 5 in Stealth
 29168 | D        | HP: 6/216 [smoke demon/divine providence (15)]
 29169 | D        | Killed from afar by a smoke demon

Illustrated notes

Levels and vault maps discovered:
D:        linesprint [early_d, line_temple, items_1, d_10, items_2, lair_1,
          lair_end, items_3, orc_1, orc_end, items_4, d_15, swamp_1, shoals_1,
          snake_1, spider_1, d_20, vaults_1, items_5, swamp_end, shoals_end,
          snake_end, spider_end, vaults_end, d_27, items_6, zot_1, zot_end,
          crypt_end, forest_end, elf_end, slime_end, tomb_end, abyss_end,
          pan_hell_end]

Skill      XL: |  1  2  3  4  5  6  7  8  9 10 11 12 13 14 15 16 17 18 19 20 |
---------------+-------------------------------------------------------------+-----
Invocations    | 3 6 10 12 14 15 17 19 20 22 25 27 | 27.0
Fighting       | 4 6 9 11 12 14 15 16 18 20 22 25 27 | 27.0
Armour         | 4 6 9 11 12 13 15 16 18 19 22 25 27 | 27.0
Shields        | 4 6 9 11 12 13 15 16 17 19 21 24 27 | 27.0
Axes           | 5 7 10 12 15 18 27 | 27.0
Long Blades    | 5 7 9 12 14 27 | 27.0
Dodging        | 2 5 8 10 12 14 17 20 26 27 | 27.0
Evocations     | 1 4 7 8 10 12 14 17 22 27 | 27.0
Maces & Flails | 15 27 | 27.0
Polearms       | 22 24 | 24.3
Throwing       | 27 | 27.0
Stealth        | 5 |  5.5

Action                     |  1- 3 |  4- 6 |  7- 9 | 10-12 | 13-15 | 16-18 | 19-21 || total
---------------------------+-------+-------+-------+-------+-------+-------+-------++-------
  Melee: War axe           |    29 |     4 |       |       |       |       |       ||    33
         Headbutt          |     3 |     1 |     3 |    46 |   109 |   276 |   148 ||   586
         Scimitar          |       |     3 |    27 |   185 |   168 |       |       ||   383
         Unarmed           |       |       |       |     3 |       |       |       ||     3
         Demon blade       |       |       |       |       |   146 |   396 |       ||   542
         Eudemon blade     |       |       |       |       |       |   388 |   496 ||   884
  Throw: Javelin           |       |       |       |       |       |       |     6 ||     6
 Invoke: Upheaval          |       |       |     8 |    46 |   126 |    17 |    37 ||   234
         Disaster Area     |       |       |       |       |     5 |    16 |    22 ||    43
  Evoke: Wand              |       |       |       |       |     1 |       |     1 ||     2
         Horn of Geryon    |       |       |       |       |       |       |     1 ||     1
    Use: Potion            |     2 |     5 |     4 |     2 |     5 |       |    27 ||    45
         Scroll            |       |     1 |       |     3 |     4 |    13 |     3 ||    24
   Stab: Invisible         |       |       |     3 |       |       |       |       ||     3
 Armour: Scale mail        |    29 |     5 |       |       |       |       |       ||    34
         Ring mail         |       |     5 |    30 |    33 |       |       |       ||    68
         Plate armour      |       |       |       |     2 |    52 |    31 |       ||    85
         Chain mail        |       |       |       |    15 |    49 |       |       ||    64
         Skin              |       |       |       |     1 |       |       |       ||     1
         Gold dragon scale |       |       |       |       |       |    76 |    71 ||   147
  Dodge: Dodged            |    15 |     5 |     6 |    49 |    64 |    96 |    36 ||   271
         Repelled          |       |       |       |     2 |     1 |     8 |       ||    11
  Block: Buckler           |     5 |     3 |    14 |    85 |       |       |       ||   107
         Tower shield      |       |       |       |    65 |   393 |   655 |   396 ||  1509
         Reflection        |       |       |       |       |     2 |     8 |    10 ||    20
